 Dungeon Crawl Stone Soup version 0.21-a0-522-ga8338f0 (webtiles) character file.

50 dvd the Grave Robber (level 3, 0/16 HPs)
             Began as a Vine Stalker Necromancer on Dec 6, 2017.
             Slain by an adder (3 damage)
             ... on level 2 of the Dungeon.
             The game lasted 00:04:26 (2345 turns).

dvd the Grave Robber (Vine Stalker Necromancer)     Turns: 2345, Time: 00:04:26

Health: 0/16       AC:  2    Str: 11    XL:     3   Next: 79%
Magic:  0/8        EV: 12    Int: 19    God:
Gold:   64         SH:  0    Dex: 14    Spells: 0/7 levels left

rFire    . . .     SeeInvis .   d - +0 whip
rCold    . . .     Gourm    .   (no shield)
rNeg     . . .     Faith    .   a - +0 robe
rPois    .         Spirit   +   (no helmet)
rElec    .         Reflect  .   (no cloak)
rCorr    .         Harm     .   (no gloves)
MR       .....                  (no boots)
Stlth    ++........             (no amulet)
HPRegen  0.05/turn              i - +4 ring of intelligence
MPRegen  0.11/turn              (no ring)

@: lethally poisoned (0 -> -11)
A: fangs 2, magic shield, antimagic bite, no potion heal 3, rot immunity
a: no special abilities


You were on level 2 of the Dungeon.
You were not hungry.

You visited 1 branch of the dungeon, and saw 2 of its levels.

You collected 64 gold pieces.

Inventory:

Hand Weapons
 d - a +0 whip (weapon)
 m - a +0 mace
Armour
 a - a +0 robe (worn)
Jewellery
 i - a +4 ring of intelligence (left hand)
Scrolls
 f - 3 scrolls of remove curse {unknown}
 g - 2 scrolls of identify {unknown}
 h - a scroll of enchant armour {unknown}
 k - a scroll of teleportation {unknown}
Potions
 e - a potion of curing {unknown}
Books
 b - a book of Necromancy

   Spells                             Type                      Level
   a - Pain                           Necromancy                   1
   b - Animate Skeleton               Necromancy                   1
   c - Vampiric Draining              Necromancy                   3
   d - Regeneration                   Charms/Necromancy            3
   e - Animate Dead                   Necromancy                   4
   f - Control Undead                 Necromancy                   4
Comestibles
 c - 2 bread rations
 j - 4 chunks of flesh
 l - 2 fruits


   Skills:
 + Level 1.6 Dodging
 + Level 2.8 Stealth
 + Level 2.7 Spellcasting
 + Level 4.8 Necromancy


You couldn't memorise any spells.
You knew the following spells:

 Your Spells              Type           Power        Failure   Level  Hunger
a - Pain                  Necr           ###.         2%          1    None
b - Vampiric Draining     Necr           ###.......   6%          3    ###....
c - Regeneration          Chrm/Necr      ##........   17%         3    ###....


Dungeon Overview and Level Annotations

Branches:
Dungeon (2/15)

Altars:


Innate Abilities, Weirdness & Mutations

You have extremely sharp teeth.
When hurt, damage is shared between your health and your magic reserves.
Your bite disrupts and absorbs the magic of your enemies.
Potions cannot restore your health.
You are immune to rotting.


Message History

You hit the adder.
The adder is moderately wounded.
You feel sick. The adder misses you.
You closely miss the adder.
The adder is moderately wounded.
The adder misses you. The adder bites you.
You are more poisoned.
The adder poisons you!
You hit the adder.
The adder is heavily wounded.
You feel sick. The adder completely misses you.
You miss the adder.
The adder is heavily wounded.
* * * LOW HITPOINT WARNING * * *
You feel sick. The adder closely misses you. x2
You barely miss the adder.
The adder is heavily wounded.
* * * LOW HITPOINT WARNING * * *
You feel sick. The adder bites you.
You die...

#.# #.. .## ##.###..
..#.#.# ####.#.#.##
#....#....#
#@#.......#
#S#<).....#
#.#.......#
#.##......#####
#.##....[.....# #
#.##......###.#
#.#.##....#......
####.#.####..#......
#...>.^###..####...##


You could see an adder.

Vanquished Creatures
  A worm (D:2)
  2 dart slugs (D:1)
  2 leopard geckos (D:1)
  An orc (D:2)
  A giant cockroach (D:1)
  4 goblins (D:1)
  9 hobgoblins (D:1)
  4 jackals (D:1)
  A ball python (D:1)
  3 bats (D:1)
  4 kobolds
  6 rats
38 creatures vanquished.

Notes
Turn   | Place    | Note
-------+----------+-------------------------------------------
     0 | D:1      | dvd the Vine Stalker Necromancer began the quest for the Orb.
     0 | D:1      | Reached XP level 1. HP: 9/9 MP: 4/4
   437 | D:1      | Reached XP level 2. HP: 3/13 MP: 0/6
  1395 | D:1      | Reached XP level 3. HP: 16/16 MP: 7/7
  1746 | D:1      | Learned a level 3 spell: Vampiric Draining
  1750 | D:1      | Learned a level 3 spell: Regeneration
  2345 | D:2      | Slain by an adder

Vault maps used:
D:1:      sevenhm_arrival_forest_fort_large_4, serial_bayou_pond_a
D:2:      lemuel_doored_altar, first_bread,
          chequers_ecumenical_altar_simple_redux, hangedman_ru_absence,
          uniq_sigmund, uniq_terence

Action                   || total
-------------------------++-------
Melee: Whip              ||    71
       Bite              ||    13
 Cast: Pain              ||    45
       Vampiric Draining ||     2
 Stab: Sleeping          ||     4
  Eat: Chunk             ||     5
Armor: Robe              ||    15
Dodge: Dodged            ||    54

Table legend:
 A = Spawn XP
 B = Non-spawn XP
 C = Spawn XP percentage of total XP
 D = Spawn monster count
 E = Non-spawn monster count
 F = Spawn count percentage of total count
 G = Total turns spent on level
                    A         B        C        D         E        F      G
               +---------+---------+-------+---------+---------+-------+---------
         Total |       0 |      72 |   0.0 |       0 |      38 |   0.0 |  2345
               +---------+---------+-------+---------+---------+-------+---------
           D:1 |       0 |      62 |   0.0 |       0 |      34 |   0.0 |  2283
           D:2 |       0 |      10 |   0.0 |       0 |       4 |   0.0 |    62
               +---------+---------+-------+---------+---------+-------+---------
